 Dungeon Crawl Stone Soup version 0.29.0-4-gdea44cf6ec (webtiles) character file.

Game seed: 7800416092402185313

4471 qw the Grappler (level 10, -2/96 HPs)
             Began as a Troll Cinder Acolyte on Aug 30, 2022.
             Was a Believer of Ignis.
             Killed from afar by an electric eel (12 damage)
             ... with a bolt of electricity
             ... on level 8 of the Dungeon.
             The game lasted 00:04:57 (7473 turns).

qw the Grappler (Troll Cinder Acolyte)              Turns: 7473, Time: 00:04:57

Health: -2/96      AC:  5    Str: 28    XL:     10   Next: 15%
Magic:  0/10       EV: 10    Int: 10    God:    Ignis [**....]
Gold:   419        SH:  0    Dex: 11    Spells: 11/11 levels left

rFire   + . .      SeeInvis .     - Unarmed
rCold   . . .      Faith    .   (no shield)
rNeg    . . .      Spirit   +   a - +0 robe
rPois   .          Reflect  .   (helmet restricted)
rElec   .          Harm     .   f - +0 cloak
rCorr   +          Rampage  .   (gloves unavailable)
Will    .....                   (boots unavailable)
Stlth   +.........              i - amulet of guardian spirit
HPRegen 1.06/turn               e - ring of resist corrosion
MPRegen 0.12/turn               c - +6 ring of dexterity

@: weakened
A: large, unfitting armour, claws 3, regeneration 1, shaggy fur 1, tough skin 1
a: Renounce Religion, Fiery Armour, Foxfire Swarm, Rising Flame


You were on level 8 of the Dungeon.
You worshipped Ignis.
Ignis was pleased with you.
You visited 1 branch of the dungeon, and saw 8 of its levels.
You also visited: Ossuary.

You collected 540 gold pieces.
You spent 121 gold pieces at shops.


Innate Abilities, Weirdness & Mutations

You are too large for most types of armour.
You have claws for hands.
Your natural rate of healing is unusually fast.
You are covered in fur. (AC +1)
You have tough skin. (AC +1)


   Skills:
 - Level 5.0 Fighting
 - Level 1.6 Throwing
 - Level 1.0 Armour
 - Level 3.0 Dodging
 + Level 13.2 Unarmed Combat
 - Level 1.0 Spellcasting
 - Level 2.1 Fire Magic


You had 11 spell levels left.
You didn't know any spells.
Your spell library contained the following spells:

 Spells                   Type           Power      Damage    Failure   Level
 Scorch                   Fire           8%         2d5       22%         2

Inventory:

Missiles
 n - 3 boomerangs (quivered)
Armour
 a - a +0 robe (worn)
 f - a +0 cloak (worn)
Jewellery
 c - a +6 ring of dexterity (right claw)
 e - a ring of resist corrosion (left claw)
 i - an amulet of guardian spirit (around neck)
 k - a ring of ice
Scrolls
 g - a scroll of brand weapon
 j - 3 scrolls of enchant weapon
 l - 5 scrolls of identify
 m - 2 scrolls of teleportation
Potions
 b - 4 potions of resistance
 d - 4 potions of mutation
 h - a potion of cancellation
 o - a potion of might
 q - 2 potions of haste
 r - 3 potions of curing

Dungeon Overview and Level Annotations

Branches:
Dungeon (8/15)             Temple (0/1) D:7         Ossuary (visited)
   Lair: D:8-11

Altars:
Gozag
Ru
Sif Muna
Uskayaw
Wu Jian
Xom
Yredelemnul

Shops:
D:2 ?   D:8 (

Annotations:
D:6 2 runed translucent doors


Message History

You feel as though you will be weak longer.
The electric eel shoots out a bolt of lightning at you!
The bolt of electricity hits you!
7460 ||| FLEEEEING.
The gnoll is no longer moving quickly.
7461 ||| FLEEEEING.
The gnoll bouda barks out a call to the hunt!
The electric eel shoots out a bolt of lightning at you!
The bolt of electricity hits you!
You hear a shout!
7462 ||| FLEEEEING.
The gnoll bouda gazes fiercely through you!
You feel as though you will be weak longer.
7463 ||| FLEEEEING.
7464 ||| FLEEEEING.
The gnoll is no longer moving quickly.
The gnoll bouda barks out a call to the hunt!
The gnoll picks up the pace!
7465 ||| FLEEEEING.
The electric eel shoots out a bolt of lightning at you!
The bolt of electricity hits you.
7466 ||| FLEEEEING.
7467 ||| FLEEEEING.
The gnoll is no longer moving quickly.
7468 ||| FLEEEEING.
The gnoll bouda barks out a call to the hunt!
The gnoll picks up the pace!
7469 ||| FLEEEEING.
The gnoll is no longer moving quickly.
The gnoll bouda barks out a call to the hunt!
The gnoll picks up the pace!
The electric eel shoots out a bolt of lightning at you!
The bolt of electricity hits you!
7470 ||| FLEEEEING.
7471 ||| FLEEEEING.
7472 ||| FLEEEEING.
7473 ||| FLEEEEING.
The electric eel shoots out a bolt of lightning at you!
The bolt of electricity hits you!
You die...

##..~..# #......... #..
..##..g~..# #.....#### ...
.....~~~.(# #....##... ..#
..#..g~~....# ###..##... ..##
..#..g~...#.# #..##...
...###....g~...#.# ##.##...
c...##....g~.....# ##..#####
g.g......c~S..#.#########...##..'
~~~~~~~~~~~..)..@.........#.##..'
..............##########....#####
###########.(###...## ##...##...
##.....)...## #...##>..
##...........# #....#### ###
###............# ##....###
..#####......(......## #.......
.....#<.#..../.....## ##.......
......######......## #........


You could see a centaur, a gnoll bouda, an electric eel and 3 gnolls.

Vanquished Creatures
  A hornet (D:7)
  2 steam dragons
  A water moccasin (D:7)
  3 black bears
  An ice beast (D:8)
  2 ogres
  A wolf (D:8)
  3 centaurs
  6 phantoms
  A necrophage (D:7)
  5 bullfrogs
  4 gnoll sergeants
  2 scorpions
  3 water moccasin zombies (Ossuary)
  4 wights (D:7)
  3 killer bees (D:8)
  3 jellies (D:4)
  2 gnoll boudas
  An orc priest (D:4)
  9 hounds
  5 iguanas
  Ijyb (D:5)
  Jessica (D:3)
  3 orc wizards
  2 mummies (Ossuary)
  12 adders
  41 gnolls
  3 white imps
  An ufetubus (D:5)
  2 adder zombies (Ossuary)
  2 dart slugs (D:4)
  A worm (D:4)
  8 orcs
  9 ball pythons
  4 bats
  5 endoplasms
  A giant cockroach (D:2)
  2 gnoll zombies (Ossuary)
  3 goblins (D:4)
  4 hobgoblins
  5 jackals (D:8)
  3 quokkas
  5 frilled lizards
  8 hobgoblin zombies (Ossuary)
  5 kobolds
  3 kobold zombies (Ossuary)
  2 orc zombies (Ossuary)
  A rat (D:1)
199 creatures vanquished.

Vanquished Creatures (others)
  A gnoll (D:8)
1 creature vanquished.

Grand Total: 200 creatures vanquished

Notes
Turn   | Place    | Note
-------+----------+-------------------------------------------
     0 | D:1      | qw the Troll Cinder Acolyte began the quest for the Orb.
     0 | D:1      | Reached XP level 1. HP: 22/22 MP: 1/1
     0 | D:1      | 0 ||| qw: Version: 0.1-a-95-gae9e614
     0 | D:1      | 0 ||| qw: Game counter: 4398
     0 | D:1      | 0 ||| qw: Always use a shield: true
     0 | D:1      | 0 ||| qw: God list: Okawaru
     0 | D:1      | 0 ||| qw: Allow faded altars: false
     0 | D:1      | 0 ||| qw: Do Orc after D:15 true
     0 | D:1      | 0 ||| qw: Do second Lair branch before Depths: true
     0 | D:1      | 0 ||| qw: Lair rune preference: random
     0 | D:1      | 0 ||| qw: Plans: Normal
     0 | D:1      | 0 ||| PLANNING D:1-11
   115 | D:1      | 115 ||| Stepping ~*~*~tactically~*~*~ (outnumbered).
   176 | D:1      | Reached XP level 2. HP: 29/29 MP: 2/2
   317 | D:1      | Found a faded altar of an unknown god.
   571 | D:1      | 571 ||| UPGRADING to +0 cloak.
   576 | D:1      | 576 ||| READING scroll labelled WEIFURCH QURU.
   577 | D:1      | 577 ||| READING scroll labelled FIWIOM OSOWK.
   578 | D:1      | 578 ||| READING scroll labelled CEME CIHYSUO.
   579 | D:1      | 579 ||| READING scroll labelled WANTEU TEIRPHA.
   580 | D:1      | 580 ||| READING scroll labelled GIGEAZXIPN.
   581 | D:1      | 581 ||| READING scroll labelled VUUTIR XOSIFU.
   652 | D:2      | Reached skill level 4 in Unarmed Combat
   839 | D:2      | Found a basalt altar of Yredelemnul.
   901 | D:2      | Reached XP level 3. HP: 36/36 MP: 3/3
   959 | D:2      | Found Yteali's Magic Scroll Boutique.
   963 | D:2      | 963 ||| BUYING scroll of identify (22 gold).
   963 | D:2      | Bought a scroll of identify for 22 gold pieces
   963 | D:2      | 963 ||| BUYING scroll of teleportation (33 gold).
   963 | D:2      | Bought a scroll of teleportation for 33 gold pieces
   963 | D:2      | 963 ||| BUYING scroll of teleportation (33 gold).
   963 | D:2      | Bought a scroll of teleportation for 33 gold pieces
   963 | D:2      | 963 ||| BUYING scroll of teleportation (33 gold).
   963 | D:2      | Bought a scroll of teleportation for 33 gold pieces
   963 | D:2      | 963 ||| SHOPLISTING scroll of teleportation (33 gold, have
                  | 17).
  1182 | D:2      | 1182 ||| UPGRADING to ring of resist corrosion.
  1183 | D:2      | 1183 ||| READING scroll labelled BACICWESSY.
  1184 | D:2      | 1184 ||| DRINKING 2 sapphire potions.
  1185 | D:2      | 1185 ||| READING 2 scrolls of identify.
  1185 | D:2      | 1185 ||| IDENTIFYING lumpy dark potion
  1417 | D:3      | Found a hide-covered altar of Uskayaw.
  1417 | D:3      | Found a faded altar of an unknown god.
  1424 | D:3      | Found an opulent altar of Gozag.
  1426 | D:3      | Found a shimmering blue altar of Sif Muna.
  1428 | D:3      | Found a faded altar of an unknown god.
  1590 | D:3      | Noticed Jessica
  1591 | D:3      | 1591 ||| Stepping ~*~*~tactically~*~*~ (stealth).
  1593 | D:3      | 1593 ||| Stepping ~*~*~tactically~*~*~ (hiding).
  1598 | D:3      | Killed Jessica
  1599 | D:3      | Reached skill level 5 in Unarmed Combat
  1599 | D:3      | Reached XP level 4. HP: 39/44 MP: 4/4
  2040 | D:3      | 2040 ||| READING scroll labelled BYIL MES ESI.
  2041 | D:3      | 2041 ||| DRINKING 3 orange potions.
  2042 | D:3      | 2042 ||| DRINKING 2 bubbling sapphire potions.
  2086 | D:3      | 2086 ||| DRINKING 2 smoky golden potions.
  2087 | D:3      | 2087 ||| READING 3 scrolls of identify.
  2087 | D:3      | 2087 ||| IDENTIFYING smoky ruby potion
  2088 | D:3      | 2088 ||| READING 2 scrolls of identify.
  2088 | D:3      | 2088 ||| IDENTIFYING black potion
  2089 | D:3      | 2089 ||| DROPPING 2 potions of brilliance.
  2090 | D:3      | 2090 ||| DROPPING potion of lignification.
  2091 | D:3      | 2091 ||| DROPPING potion of degeneration.
  2141 | D:4      | 2141 ||| FLEEEEING.
  2142 | D:4      | 2142 ||| FLEEEEING.
  2143 | D:4      | 2143 ||| FLEEEEING.
  2144 | D:4      | 2144 ||| FLEEEEING.
  2145 | D:4      | 2145 ||| FLEEEEING.
  2146 | D:4      | 2146 ||| FLEEEEING.
  2153 | D:4      | 2153 ||| INVOKING Fiery Armour.
  2157 | D:4      | Reached XP level 5. HP: 46/50 MP: 5/5
  2159 | D:4      | Reached skill level 6 in Unarmed Combat
  2168 | D:4      | 2168 ||| Stepping ~*~*~tactically~*~*~ (hiding).
  2175 | D:4      | 2175 ||| Stepping ~*~*~tactically~*~*~ (hiding).
  2325 | D:4      | Noticed a phantom
  2353 | D:4      | 2353 ||| INVOKING Fiery Armour.
  2357 | D:4      | Reached XP level 6. HP: 58/59 MP: 6/6
  2366 | D:4      | Reached skill level 7 in Unarmed Combat
  2378 | D:4      | 2378 ||| Stepping ~*~*~tactically~*~*~ (hiding).
  2379 | D:4      | 2379 ||| Stepping ~*~*~tactically~*~*~ (hiding).
  2420 | D:4      | 2420 ||| Stepping ~*~*~tactically~*~*~ (stealth).
  2617 | D:4      | 2617 ||| Stepping ~*~*~tactically~*~*~ (stealth).
  2670 | D:4      | Reached skill level 8 in Unarmed Combat
  2680 | D:4      | Reached skill level 3 in Fighting
  2680 | D:4      | Reached XP level 7. HP: 67/67 MP: 7/7
  3064 | D:4      | 3064 ||| UPGRADING to +6 ring of dexterity.
  3065 | D:4      | 3065 ||| READING scroll labelled PAYN JUTUEHIL.
  3066 | D:4      | 3066 ||| DRINKING 3 bubbling yellow potions.
  3067 | D:4      | 3067 ||| DRINKING 2 bubbling grey potions.
  3068 | D:4      | 3068 ||| READING 2 scrolls of identify.
  3068 | D:4      | 3068 ||| IDENTIFYING bubbling green potion
  3069 | D:4      | 3069 ||| DROPPING potion of magic.
  3070 | D:4      | 3070 ||| DROPPING 2 potions of flight.
  3104 | D:5      | Entered Level 5 of the Dungeon
  3105 | D:5      | 3105 ||| PLANNING OSSUARY
  3107 | D:5      | 3107 ||| STAIRDANCE
  3115 | D:5      | 3115 ||| STAIRDANCE
  3118 | D:4      | Reached skill level 1 in Dodging
  3123 | D:5      | 3123 ||| STAIRDANCE
  3199 | D:5      | Reached skill level 9 in Unarmed Combat
  3245 | D:5      | Found a sand-covered staircase.
  3248 | D:5      | 3248 ||| Stepping ~*~*~tactically~*~*~ (stealth).
  3254 | D:5      | 3254 ||| Stepping ~*~*~tactically~*~*~ (stealth).
  3258 | D:5      | 3258 ||| Stepping ~*~*~tactically~*~*~ (stealth).
  3260 | D:5      | 3260 ||| Stepping ~*~*~tactically~*~*~ (stealth).
  3266 | Ossuary  | Entered an ossuary
  3269 | Ossuary  | 3269 ||| Stepping ~*~*~tactically~*~*~ (stealth).
  3293 | Ossuary  | Reached skill level 1 in Throwing
  3293 | Ossuary  | Reached XP level 8. HP: 62/75 MP: 8/8
  3347 | Ossuary  | 3347 ||| Stepping ~*~*~tactically~*~*~ (stealth).
  3350 | Ossuary  | 3350 ||| Stepping ~*~*~tactically~*~*~ (stealth).
  3375 | Ossuary  | 3375 ||| Stepping ~*~*~tactically~*~*~ (stealth).
  3387 | Ossuary  | 3387 ||| Stepping ~*~*~tactically~*~*~ (outnumbered).
  3388 | Ossuary  | 3388 ||| Stepping ~*~*~tactically~*~*~ (stealth).
  3390 | Ossuary  | 3390 ||| Stepping ~*~*~tactically~*~*~ (outnumbered).
  3391 | Ossuary  | 3391 ||| Stepping ~*~*~tactically~*~*~ (outnumbered).
  3460 | Ossuary  | 3460 ||| DRINKING 2 cyan potions.
  3461 | Ossuary  | 3461 ||| READING 3 scrolls of identify.
  3461 | Ossuary  | 3461 ||| IDENTIFYING fuming coppery potion
  3467 | D:5      | 3467 ||| PLANNING D:1-11
  3471 | D:5      | 3471 ||| Stepping ~*~*~tactically~*~*~ (hiding).
  3487 | D:5      | Noticed Ijyb
  3499 | D:5      | Killed Ijyb
  3801 | D:5      | 3801 ||| Stepping ~*~*~tactically~*~*~ (hiding).
  3811 | D:5      | Reached skill level 10 in Unarmed Combat
  3817 | D:5      | 3817 ||| Stepping ~*~*~tactically~*~*~ (hiding).
  4024 | D:6      | 4024 ||| Stepping ~*~*~tactically~*~*~ (hiding).
  4026 | D:6      | 4026 ||| Stepping ~*~*~tactically~*~*~ (hiding).
  4051 | D:6      | 4051 ||| Stepping ~*~*~tactically~*~*~ (stealth).
  4061 | D:6      | 4061 ||| Stepping ~*~*~tactically~*~*~ (stealth).
  4062 | D:6      | 4062 ||| Stepping ~*~*~tactically~*~*~ (stealth).
  4113 | D:6      | 4113 ||| Stepping ~*~*~tactically~*~*~ (stealth).
  4358 | D:6      | Found a large runed translucent door.
  4358 | D:6      | Found a large runed translucent door.
  4531 | D:6      | Reached XP level 9. HP: 79/85 MP: 9/9
  4599 | D:6      | 4599 ||| Stepping ~*~*~tactically~*~*~ (outnumbered).
  4601 | D:6      | 4601 ||| INVOKING Fiery Armour.
  4605 | D:6      | 4605 ||| Stepping ~*~*~tactically~*~*~ (hiding).
  4608 | D:6      | 4608 ||| Stepping ~*~*~tactically~*~*~ (hiding).
  4610 | D:6      | 4610 ||| Stepping ~*~*~tactically~*~*~ (outnumbered).
  4617 | D:6      | Reached skill level 11 in Unarmed Combat
  4618 | D:6      | 4618 ||| Stepping ~*~*~tactically~*~*~ (outnumbered).
  4619 | D:6      | 4619 ||| Stepping ~*~*~tactically~*~*~ (outnumbered).
  4680 | D:6      | Found a sacrificial altar of Ru.
  4690 | D:6      | 4690 ||| Stepping ~*~*~tactically~*~*~ (hiding).
  4797 | D:6      | Identified the +10 rapier of Pride {chaos, *Noise Fly rF++
                  | Dex+2 Stlth-}
  4938 | D:6      | Found a shimmering altar of Xom.
  5010 | D:6      | 5010 ||| UPGRADING to amulet of guardian spirit.
  5015 | D:6      | 5015 ||| READING 4 scrolls of identify.
  5015 | D:6      | 5015 ||| IDENTIFYING green potion
  5016 | D:6      | 5016 ||| DROPPING potion of attraction.
  5057 | D:7      | 5057 ||| Stepping ~*~*~tactically~*~*~ (hiding).
  5097 | D:7      | 5097 ||| Stepping ~*~*~tactically~*~*~ (stealth).
  5098 | D:7      | 5098 ||| Stepping ~*~*~tactically~*~*~ (hiding).
  5100 | D:7      | 5100 ||| Stepping ~*~*~tactically~*~*~ (stealth).
  5107 | D:7      | 5107 ||| STAIRDANCE
  5199 | D:7      | 5199 ||| STAIRDANCE
  5280 | D:7      | 5280 ||| Stepping ~*~*~tactically~*~*~ (stealth).
  5282 | D:7      | 5282 ||| Stepping ~*~*~tactically~*~*~ (hiding).
  5344 | D:7      | 5344 ||| INVOKING Fiery Armour.
  5350 | D:7      | HP: 19/85 [gnoll/+0 spear[a gnoll sergeant] (4)]
  5351 | D:7      | 5351 ||| READING 4 scrolls of teleportation.
  5351 | D:7      | HP: 5/85 [hornet (8)]
  5351 | D:7      | HP: 2/85 [gnoll sergeant/+0 spear (3)]
  5352 | D:7      | 5352 ||| DRINKING potion of heal wounds.
  5353 | D:7      | Reached skill level 12 in Unarmed Combat
  5356 | D:7      | 5356 ||| READING 3 scrolls of teleportation.
  5356 | D:7      | HP: 18/85 [poisoned by a hornet]
  5358 | D:7      | Found a staircase to the Ecumenical Temple.
  5364 | D:7      | 5364 ||| Stepping ~*~*~tactically~*~*~ (stealth).
  5460 | D:7      | 5460 ||| Stepping ~*~*~tactically~*~*~ (stealth).
  5481 | D:7      | 5481 ||| Stepping ~*~*~tactically~*~*~ (stealth).
  5483 | D:7      | 5483 ||| Stepping ~*~*~tactically~*~*~ (hiding).
  5673 | D:7      | 5673 ||| Stepping ~*~*~tactically~*~*~ (hiding).
  5674 | D:7      | 5674 ||| Stepping ~*~*~tactically~*~*~ (hiding).
  5676 | D:7      | 5676 ||| Stepping ~*~*~tactically~*~*~ (hiding).
  5725 | D:7      | Found an ornate altar of the Wu Jian Council.
  5752 | D:7      | 5752 ||| Stepping ~*~*~tactically~*~*~ (hiding).
  5753 | D:7      | 5753 ||| Stepping ~*~*~tactically~*~*~ (hiding).
  6103 | D:7      | 6103 ||| DROPPING ring of wizardry.
  6104 | D:7      | 6104 ||| READING scroll labelled YRHAPL VULOMP.
  6241 | D:8      | 6241 ||| Stepping ~*~*~tactically~*~*~ (hiding).
  6242 | D:8      | 6242 ||| Stepping ~*~*~tactically~*~*~ (hiding).
  6243 | D:8      | 6243 ||| Stepping ~*~*~tactically~*~*~ (stealth).
  6244 | D:8      | 6244 ||| INVOKING Fiery Armour.
  6245 | D:8      | 6245 ||| Stepping ~*~*~tactically~*~*~ (outnumbered).
  6246 | D:8      | 6246 ||| Stepping ~*~*~tactically~*~*~ (outnumbered).
  6247 | D:8      | 6247 ||| Stepping ~*~*~tactically~*~*~ (outnumbered).
  6253 | D:8      | Reached skill level 13 in Unarmed Combat
  6324 | D:8      | Reached skill level 1 in Armour
  6327 | D:8      | Found Ypol's Antique Weapon Shoppe.
  6420 | D:8      | 6420 ||| Stepping ~*~*~tactically~*~*~ (stealth).
  6429 | D:8      | Reached XP level 10. HP: 96/96 MP: 8/10
  6443 | D:8      | 6443 ||| Stepping ~*~*~tactically~*~*~ (stealth).
  6459 | D:8      | 6459 ||| INVOKING Fiery Armour.
  6612 | D:8      | 6612 ||| INVOKING Fiery Armour.
  6620 | D:8      | Reached skill level 3 in Dodging
  6620 | D:8      | 6620 ||| FLEEEEING.
  6621 | D:8      | 6621 ||| FLEEEEING.
  6622 | D:8      | 6622 ||| FLEEEEING.
  6623 | D:8      | 6623 ||| FLEEEEING.
  6624 | D:8      | 6624 ||| Stepping ~*~*~tactically~*~*~ (outnumbered).
  6625 | D:8      | 6625 ||| Stepping ~*~*~tactically~*~*~ (outnumbered).
  6626 | D:8      | 6626 ||| Stepping ~*~*~tactically~*~*~ (outnumbered).
  6629 | D:8      | 6629 ||| FLEEEEING.
  6634 | D:8      | 6634 ||| STAIRDANCE
  6652 | D:7      | 6652 ||| READING scroll labelled VIROISS SOME.
  6693 | D:8      | 6693 ||| Stepping ~*~*~tactically~*~*~ (outnumbered).
  6717 | D:8      | 6717 ||| Stepping ~*~*~tactically~*~*~ (outnumbered).
  6732 | D:8      | 6732 ||| Stepping ~*~*~tactically~*~*~ (outnumbered).
  6737 | D:8      | 6737 ||| INVOKING Fiery Armour.
  6740 | D:8      | 6740 ||| FLEEEEING.
  6741 | D:8      | 6741 ||| FLEEEEING.
  6742 | D:8      | 6742 ||| FLEEEEING.
  6743 | D:8      | 6743 ||| FLEEEEING.
  6744 | D:8      | 6744 ||| FLEEEEING.
  6745 | D:8      | 6745 ||| FLEEEEING.
  6746 | D:8      | 6746 ||| FLEEEEING.
  6747 | D:8      | 6747 ||| FLEEEEING.
  6748 | D:8      | 6748 ||| FLEEEEING.
  6749 | D:8      | 6749 ||| FLEEEEING.
  6750 | D:8      | 6750 ||| FLEEEEING.
  6751 | D:8      | 6751 ||| FLEEEEING.
  6752 | D:8      | 6752 ||| FLEEEEING.
  6753 | D:8      | 6753 ||| FLEEEEING.
  6754 | D:8      | 6754 ||| FLEEEEING.
  6755 | D:8      | 6755 ||| FLEEEEING.
  6756 | D:8      | 6756 ||| FLEEEEING.
  6757 | D:8      | 6757 ||| FLEEEEING.
  6758 | D:8      | 6758 ||| FLEEEEING.
  6759 | D:8      | 6759 ||| FLEEEEING.
  6760 | D:8      | 6760 ||| FLEEEEING.
  6761 | D:8      | 6761 ||| FLEEEEING.
  6762 | D:8      | 6762 ||| FLEEEEING.
  6763 | D:8      | 6763 ||| FLEEEEING.
  6764 | D:8      | 6764 ||| FLEEEEING.
  6765 | D:8      | 6765 ||| FLEEEEING.
  6766 | D:8      | 6766 ||| FLEEEEING.
  6767 | D:8      | 6767 ||| FLEEEEING.
  6768 | D:8      | 6768 ||| FLEEEEING.
  6769 | D:8      | 6769 ||| FLEEEEING.
  6770 | D:8      | 6770 ||| FLEEEEING.
  6771 | D:8      | 6771 ||| FLEEEEING.
  6772 | D:8      | 6772 ||| FLEEEEING.
  6773 | D:8      | 6773 ||| FLEEEEING.
  6774 | D:8      | 6774 ||| STAIRDANCE
  6821 | D:8      | 6821 ||| Stepping ~*~*~tactically~*~*~ (outnumbered).
  6822 | D:8      | 6822 ||| Stepping ~*~*~tactically~*~*~ (outnumbered).
  6823 | D:8      | 6823 ||| Stepping ~*~*~tactically~*~*~ (outnumbered).
  6864 | D:8      | 6864 ||| FLEEEEING.
  6865 | D:8      | 6865 ||| FLEEEEING.
  6905 | D:8      | 6905 ||| FLEEEEING.
  6919 | D:8      | 6919 ||| FLEEEEING.
  6921 | D:8      | 6921 ||| FLEEEEING.
  6953 | D:8      | 6953 ||| FLEEEEING.
  6954 | D:8      | 6954 ||| FLEEEEING.
  6956 | D:8      | 6956 ||| FLEEEEING.
  7000 | D:8      | 7000 ||| FLEEEEING.
  7002 | D:8      | 7002 ||| FLEEEEING.
  7036 | D:8      | 7036 ||| FLEEEEING.
  7037 | D:8      | 7037 ||| FLEEEEING.
  7039 | D:8      | 7039 ||| FLEEEEING.
  7057 | D:8      | 7057 ||| FLEEEEING.
  7058 | D:8      | 7058 ||| FLEEEEING.
  7060 | D:8      | 7060 ||| FLEEEEING.
  7104 | D:8      | 7104 ||| FLEEEEING.
  7105 | D:8      | 7105 ||| FLEEEEING.
  7107 | D:8      | 7107 ||| FLEEEEING.
  7143 | D:8      | 7143 ||| FLEEEEING.
  7160 | D:8      | 7160 ||| FLEEEEING.
  7162 | D:8      | 7162 ||| FLEEEEING.
  7192 | D:8      | 7192 ||| FLEEEEING.
  7193 | D:8      | 7193 ||| FLEEEEING.
  7195 | D:8      | 7195 ||| FLEEEEING.
  7219 | D:8      | 7219 ||| FLEEEEING.
  7238 | D:8      | 7238 ||| FLEEEEING.
  7239 | D:8      | 7239 ||| FLEEEEING.
  7240 | D:8      | 7240 ||| FLEEEEING.
  7242 | D:8      | 7242 ||| FLEEEEING.
  7292 | D:8      | 7292 ||| FLEEEEING.
  7293 | D:8      | 7293 ||| FLEEEEING.
  7294 | D:8      | 7294 ||| FLEEEEING.
  7295 | D:8      | 7295 ||| FLEEEEING.
  7296 | D:8      | 7296 ||| FLEEEEING.
  7297 | D:8      | 7297 ||| FLEEEEING.
  7298 | D:8      | 7298 ||| FLEEEEING.
  7299 | D:8      | 7299 ||| INVOKING Fiery Armour.
  7300 | D:8      | 7300 ||| FLEEEEING.
  7301 | D:8      | 7301 ||| FLEEEEING.
  7302 | D:8      | 7302 ||| FLEEEEING.
  7303 | D:8      | 7303 ||| FLEEEEING.
  7304 | D:8      | 7304 ||| FLEEEEING.
  7305 | D:8      | 7305 ||| FLEEEEING.
  7306 | D:8      | 7306 ||| FLEEEEING.
  7307 | D:8      | 7307 ||| FLEEEEING.
  7308 | D:8      | 7308 ||| FLEEEEING.
  7309 | D:8      | 7309 ||| FLEEEEING.
  7310 | D:8      | 7310 ||| FLEEEEING.
  7311 | D:8      | 7311 ||| FLEEEEING.
  7312 | D:8      | 7312 ||| FLEEEEING.
  7313 | D:8      | 7313 ||| FLEEEEING.
  7314 | D:8      | 7314 ||| FLEEEEING.
  7315 | D:8      | 7315 ||| FLEEEEING.
  7316 | D:8      | 7316 ||| FLEEEEING.
  7317 | D:8      | 7317 ||| FLEEEEING.
  7318 | D:8      | 7318 ||| FLEEEEING.
  7319 | D:8      | 7319 ||| FLEEEEING.
  7320 | D:8      | 7320 ||| FLEEEEING.
  7321 | D:8      | 7321 ||| FLEEEEING.
  7322 | D:8      | 7322 ||| FLEEEEING.
  7323 | D:8      | 7323 ||| FLEEEEING.
  7324 | D:8      | 7324 ||| FLEEEEING.
  7325 | D:8      | 7325 ||| FLEEEEING.
  7326 | D:8      | 7326 ||| FLEEEEING.
  7327 | D:8      | 7327 ||| FLEEEEING.
  7328 | D:8      | 7328 ||| FLEEEEING.
  7329 | D:8      | 7329 ||| FLEEEEING.
  7330 | D:8      | 7330 ||| FLEEEEING.
  7331 | D:8      | 7331 ||| FLEEEEING.
  7332 | D:8      | 7332 ||| FLEEEEING.
  7333 | D:8      | 7333 ||| FLEEEEING.
  7381 | D:8      | 7381 ||| Stepping ~*~*~tactically~*~*~ (outnumbered).
  7384 | D:8      | 7384 ||| FLEEEEING.
  7385 | D:8      | 7385 ||| FLEEEEING.
  7386 | D:8      | 7386 ||| FLEEEEING.
  7387 | D:8      | 7387 ||| FLEEEEING.
  7388 | D:8      | 7388 ||| FLEEEEING.
  7389 | D:8      | 7389 ||| FLEEEEING.
  7390 | D:8      | 7390 ||| FLEEEEING.
  7391 | D:8      | 7391 ||| FLEEEEING.
  7392 | D:8      | 7392 ||| FLEEEEING.
  7393 | D:8      | 7393 ||| FLEEEEING.
  7394 | D:8      | 7394 ||| FLEEEEING.
  7395 | D:8      | 7395 ||| FLEEEEING.
  7396 | D:8      | 7396 ||| FLEEEEING.
  7397 | D:8      | 7397 ||| FLEEEEING.
  7398 | D:8      | 7398 ||| FLEEEEING.
  7399 | D:8      | 7399 ||| FLEEEEING.
  7400 | D:8      | 7400 ||| FLEEEEING.
  7401 | D:8      | 7401 ||| FLEEEEING.
  7402 | D:8      | 7402 ||| FLEEEEING.
  7403 | D:8      | 7403 ||| FLEEEEING.
  7404 | D:8      | 7404 ||| FLEEEEING.
  7405 | D:8      | 7405 ||| FLEEEEING.
  7406 | D:8      | 7406 ||| FLEEEEING.
  7407 | D:8      | 7407 ||| FLEEEEING.
  7408 | D:8      | 7408 ||| FLEEEEING.
  7409 | D:8      | 7409 ||| FLEEEEING.
  7410 | D:8      | 7410 ||| FLEEEEING.
  7411 | D:8      | 7411 ||| FLEEEEING.
  7412 | D:8      | 7412 ||| FLEEEEING.
  7413 | D:8      | 7413 ||| FLEEEEING.
  7414 | D:8      | 7414 ||| FLEEEEING.
  7415 | D:8      | 7415 ||| FLEEEEING.
  7416 | D:8      | 7416 ||| FLEEEEING.
  7417 | D:8      | 7417 ||| FLEEEEING.
  7418 | D:8      | 7418 ||| FLEEEEING.
  7419 | D:8      | 7419 ||| FLEEEEING.
  7420 | D:8      | 7420 ||| FLEEEEING.
  7421 | D:8      | 7421 ||| FLEEEEING.
  7422 | D:8      | 7422 ||| FLEEEEING.
  7423 | D:8      | 7423 ||| FLEEEEING.
  7424 | D:8      | 7424 ||| FLEEEEING.
  7425 | D:8      | 7425 ||| FLEEEEING.
  7426 | D:8      | 7426 ||| FLEEEEING.
  7427 | D:8      | 7427 ||| FLEEEEING.
  7428 | D:8      | 7428 ||| FLEEEEING.
  7429 | D:8      | 7429 ||| FLEEEEING.
  7430 | D:8      | 7430 ||| FLEEEEING.
  7431 | D:8      | 7431 ||| FLEEEEING.
  7432 | D:8      | 7432 ||| FLEEEEING.
  7433 | D:8      | 7433 ||| FLEEEEING.
  7434 | D:8      | 7434 ||| FLEEEEING.
  7435 | D:8      | 7435 ||| FLEEEEING.
  7436 | D:8      | 7436 ||| FLEEEEING.
  7437 | D:8      | 7437 ||| FLEEEEING.
  7438 | D:8      | 7438 ||| FLEEEEING.
  7439 | D:8      | 7439 ||| FLEEEEING.
  7440 | D:8      | 7440 ||| FLEEEEING.
  7441 | D:8      | 7441 ||| FLEEEEING.
  7442 | D:8      | 7442 ||| FLEEEEING.
  7443 | D:8      | 7443 ||| FLEEEEING.
  7444 | D:8      | 7444 ||| FLEEEEING.
  7445 | D:8      | 7445 ||| FLEEEEING.
  7446 | D:8      | 7446 ||| FLEEEEING.
  7447 | D:8      | 7447 ||| FLEEEEING.
  7448 | D:8      | 7448 ||| FLEEEEING.
  7449 | D:8      | 7449 ||| FLEEEEING.
  7450 | D:8      | 7450 ||| FLEEEEING.
  7451 | D:8      | 7451 ||| FLEEEEING.
  7452 | D:8      | 7452 ||| FLEEEEING.
  7453 | D:8      | 7453 ||| FLEEEEING.
  7454 | D:8      | 7454 ||| FLEEEEING.
  7455 | D:8      | 7455 ||| FLEEEEING.
  7456 | D:8      | 7456 ||| FLEEEEING.
  7457 | D:8      | 7457 ||| FLEEEEING.
  7458 | D:8      | 7458 ||| FLEEEEING.
  7459 | D:8      | 7459 ||| FLEEEEING.
  7459 | D:8      | HP: 18/96 [electric eel/bolt of electricity (11)]
  7460 | D:8      | 7460 ||| FLEEEEING.
  7461 | D:8      | 7461 ||| FLEEEEING.
  7462 | D:8      | 7462 ||| FLEEEEING.
  7463 | D:8      | 7463 ||| FLEEEEING.
  7464 | D:8      | 7464 ||| FLEEEEING.
  7465 | D:8      | 7465 ||| FLEEEEING.
  7465 | D:8      | HP: 10/96 [electric eel/bolt of electricity (5)]
  7466 | D:8      | 7466 ||| FLEEEEING.
  7467 | D:8      | 7467 ||| FLEEEEING.
  7468 | D:8      | 7468 ||| FLEEEEING.
  7469 | D:8      | 7469 ||| FLEEEEING.
  7470 | D:8      | 7470 ||| FLEEEEING.
  7471 | D:8      | 7471 ||| FLEEEEING.
  7472 | D:8      | 7472 ||| FLEEEEING.
  7473 | D:8      | 7473 ||| FLEEEEING.
  7473 | D:8      | Killed from afar by an electric eel

Levels and vault maps discovered:
D:1:      wander_arrival_chamber, layout_rooms, shapermc_ecumenical_altar_petra,
          nicolae_concentric_dashed_squares_wild
D:2:      layout_loops_cross, basic_altar, serial_shops, shop
D:3:      layout_basic, chequers_temple_overflow_minitemple, nrook_campfire,
          uniq_jessica
D:4:      layout_loops_corners, grunt_tough_drop
D:5:      layout_basic, lightli_ossuary_entry_decrepit_ruins, uniq_ijyb
D:6:      due_chaos_kobolds, layout_loops_ring, nicolae_ru_sacrificial_ziggurat,
          small_statue_intersection
D:7:      layout_basic, nzn_wu_jian_council_hall,
          minmay_temple_entry_butterflies
D:8:      layout_cave_pods, serial_gnoll_camp, gnoll_camp_mini_shop,
          gnoll_camp_huts_moat, gnoll_camp_mini_basic, gnoll_camp_medium_02,
          serial_bayou_pond_d, hangedman_decor_clover_reticule

Skill      XL: |  1  2  3  4  5  6  7  8  9 10 |
---------------+-------------------------------+-----
Unarmed Combat | 4 5 6 8 9 10 13 | 13.2
Fighting       | 3 4 5 |  5.0
Dodging        | 1 2 3 |  3.0
Throwing       | 1 |  1.6
Armour         | 1 |  1.0
Spellcasting   | |  1.0
Fire Magic     | |  2.1

Action                   |  1- 3 |  4- 6 |  7- 9 | 10-12 || total
-------------------------+-------+-------+-------+-------++-------
Melee: Unarmed           |    61 |    76 |   288 |    37 ||   462
       Punch             |       |     2 |    17 |     2 ||    21
Throw: Boomerang         |    34 |    30 |    26 |     4 ||    94
Invok: Fiery Armour      |       |     2 |     3 |     4 ||     9
  Use: Scroll            |     8 |     3 |     7 |     1 ||    19
       Potion            |     1 |     3 |     4 |       ||     8
 Stab: Distracted        |       |       |     1 |       ||     1
Armor: Robe              |    19 |    35 |    97 |    61 ||   212
Dodge: Dodged            |    20 |    21 |   113 |    94 ||   248

Table legend:
 A = Non-vault XP
 B = Vault XP
 C = Vault XP percentage of total XP
 D = Non-vault monster count
 E = Vault monster count
 F = Vault count percentage of total count
                 A         B        C        D         E       F
            +---------+---------+-------+---------+---------+-------
      Total |    5162 |    1226 |  19.2 |     138 |      62 |  31.0
            +---------+---------+-------+---------+---------+-------
        D:1 |      24 |       0 |   0.0 |      15 |       0 |   0.0
        D:2 |      32 |       0 |   0.0 |      13 |       0 |   0.0
        D:3 |      34 |      37 |  52.1 |       7 |       1 |  12.5
        D:4 |     800 |     187 |  18.9 |      31 |       6 |  16.2
        D:5 |     526 |      39 |   6.9 |      14 |       1 |   6.7
        D:6 |    1453 |       0 |   0.0 |      26 |       0 |   0.0
        D:7 |    1843 |       0 |   0.0 |      22 |       0 |   0.0
        D:8 |     450 |     665 |  59.6 |      10 |      32 |  76.2
    Ossuary |       0 |     298 | 100.0 |       0 |      22 | 100.0
            +---------+---------+-------+---------+---------+-------
